| TOP OF THE 1ST |
|
Victoria Capitals batting - Pitching for Americus Braves : RHP Jeremy Kasten
|
|
Pitching: RHP Jeremy Kasten
|
|
|
Batting: RHB Heihachiro Fujita
|
0-0: Called Strike 0-1: Ball 1-1: Called Strike 1-2: Strikes out swinging
|
|
Batting: RHB Tomokazu Sugimoto
|
0-0: Called Strike 0-1: Ball 1-1: Swinging Strike 1-2: Foul Ball, location: 2F 1-2: SINGLE (Line Drive, 34D, EV 99.4 MPH)
|
|
Batting: RHB Victor Rosas
|
0-0: Called Strike Tomokazu Sugimoto is caught stealing 2nd base 2-4 0-1: Ball 1-1: Ball 2-1: Foul Ball, location: 2F 2-2: Fly out, F8 (Flyball, 8LS, EV 90.6 MPH)
|
| Top of the 1st over - 0 runs, 1 hit, 0 errors, 0 left on base; Victoria 0 - Americus 0 |
| BOTTOM OF THE 1ST |
|
Americus Braves batting - Pitching for Victoria Capitals : LHP Kevin Roberts
|
|
Pitching: LHP Kevin Roberts
|
|
|
Batting: RHB Joe Young
|
0-0: Ball 1-0: Ball 2-0: Ball 3-0: Base on Balls
|
|
Batting: LHB Erik Gretzky
|
0-0: Ball 1-0: Called Strike 1-1: Foul Ball, location: 2F 1-2: Ball 2-2: Ball Joe Young steals 2nd base 3-2: Foul Ball, location: 2F 3-2: Foul Ball, location: 2F 3-2: Fly out, F9 (Flyball, 9LS, EV 80.0 MPH)
|
|
Batting: RHB Hisayuki Akiyama
|
0-0: Foul Ball, location: 2F 0-1: Ball 1-1: Called Strike 1-2: Ground out 5-3 (Groundball, 56, EV 79.4 MPH)
|
|
Batting: RHB Josh McCormick
|
0-0: Ball 1-0: Ball 2-0: Ball 3-0: Base on Balls
|
|
Batting: LHB Ryan Murdock
|
0-0: Called Strike 0-1: Swinging Strike 0-2: Ball 1-2: Fly out, F7 (Flyball, 78S, EV 84.4 MPH)
|
| Bottom of the 1st over - 0 runs, 0 hits, 0 errors, 2 left on base; Victoria 0 - Americus 0 |
| TOP OF THE 2ND |
|
Victoria Capitals batting - Pitching for Americus Braves : RHP Jeremy Kasten
|
|
Batting: LHB Taki Matsui
|
0-0: Ball 1-0: Ground out 4-3 (Groundball, 4, EV 77.5 MPH)
|
|
Batting: SHB Carlos Luna
|
0-0: Foul Ball, location: 2F 0-1: Called Strike 0-2: Fly out, F8 (Flyball, 8LM, EV 85.6 MPH)
|
|
Batting: RHB Nick Edmunds
|
0-0: Called Strike 0-1: Swinging Strike 0-2: Ball 1-2: Strikes out swinging
|
| Top of the 2nd over - 0 runs, 0 hits, 0 errors, 0 left on base; Victoria 0 - Americus 0 |
| BOTTOM OF THE 2ND |
|
Americus Braves batting - Pitching for Victoria Capitals : LHP Kevin Roberts
|
|
Batting: SHB Jose Melendez
|
0-0: Ball 1-0: Ball 2-0: Ball 3-0: Base on Balls
|
|
Batting: SHB Jordan Barragan
|
0-0: Ball 1-0: Ball 2-0: Fielders Choice at 2nd, 4-6 (Groundball, 4M, EV 83.8 MPH)
|
|
Batting: RHB Terry Hughes
|
0-0: Ball 1-0: Swinging Strike 1-1: Foul Ball, location: 2F 1-2: Ball 2-2: Ball 3-2: Foul Ball, location: 2F 3-2: Foul Ball, location: 2F 3-2: Foul Ball, location: 2F 3-2: Foul Ball, location: 2F 3-2: Foul Ball, location: 2F 3-2: Strikes out swinging Jordan Barragan steals 2nd base Batter strikes out.
|
|
Batting: RHB Phil Holman
|
0-0: Called Strike 0-1: Called Strike 0-2: Ground out 6-3 (Groundball, 6M, EV 81.2 MPH)
|
| Bottom of the 2nd over - 0 runs, 0 hits, 0 errors, 1 left on base; Victoria 0 - Americus 0 |
| TOP OF THE 3RD |
|
Victoria Capitals batting - Pitching for Americus Braves : RHP Jeremy Kasten
|
|
Batting: SHB Ray Skogen
|
0-0: Hit by Pitch
|
|
Batting: RHB David Greene
|
0-0: Ball 1-0: Foul Ball, location: 2F 1-1: Ball 2-1: Swinging Strike 2-2: Strikes out swinging
|
|
Batting: RHB Jesus Santiago
|
0-0: Called Strike Ray Skogen is caught stealing 2nd base 2-4 0-1: Foul Ball, location: 2F 0-2: Foul Ball, location: 2F 0-2: Strikes out swinging
|
| Top of the 3rd over - 0 runs, 0 hits, 0 errors, 0 left on base; Victoria 0 - Americus 0 |
| BOTTOM OF THE 3RD |
|
Americus Braves batting - Pitching for Victoria Capitals : LHP Kevin Roberts
|
|
Batting: RHB Joe Young
|
0-0: Swinging Strike 0-1: Foul Ball, location: 2F 0-2: Strikes out swinging
|
|
Batting: LHB Erik Gretzky
|
0-0: Ball 1-0: Ball 2-0: Ball 3-0: Called Strike 3-1: Foul Ball, location: 2F 3-2: Fly out, F8 (Flyball, 89D, EV 101.9 MPH)
|
|
Batting: RHB Hisayuki Akiyama
|
0-0: Called Strike 0-1: Ground out 6-3 (Groundball, 6, EV 81.9 MPH)
|
| Bottom of the 3rd over - 0 runs, 0 hits, 0 errors, 0 left on base; Victoria 0 - Americus 0 |
| TOP OF THE 4TH |
|
Victoria Capitals batting - Pitching for Americus Braves : RHP Jeremy Kasten
|
|
Batting: RHB Heihachiro Fujita
|
0-0: Ball 1-0: Ball 2-0: Called Strike 2-1: Called Strike 2-2: Ground out 5-3 (Groundball, 56, EV 95.0 MPH)
|
|
Batting: RHB Tomokazu Sugimoto
|
0-0: Ball 1-0: Foul Ball, location: 2F 1-1: Foul Ball, location: 2F 1-2: Ball 2-2: Strikes out swinging
|
|
Batting: RHB Victor Rosas
|
0-0: Ball 1-0: Swinging Strike 1-1: Foul Ball, location: 2F 1-2: Foul Ball, location: 2F 1-2: SINGLE (Groundball, 6MD, EV 96.2 MPH)
|
|
Batting: LHB Taki Matsui
|
0-0: 2-RUN HOME RUN (Flyball, 8RXD, EV 109.4 MPH), Distance : 442 ft
|
|
Batting: SHB Carlos Luna
|
0-0: Foul Ball, location: 2F 0-1: Ball 1-1: Foul Ball, location: 2F 1-2: Ball 2-2: Foul Ball, location: 2F 2-2: Strikes out swinging
|
| Top of the 4th over - 2 runs, 2 hits, 0 errors, 0 left on base; Victoria 2 - Americus 0 |
| BOTTOM OF THE 4TH |
|
Americus Braves batting - Pitching for Victoria Capitals : LHP Kevin Roberts
|
|
Batting: RHB Josh McCormick
|
0-0: Fly out, F9 (Flyball, 9, EV 84.4 MPH)
|
|
Batting: LHB Ryan Murdock
|
0-0: Foul Ball, location: 2F 0-1: Foul Ball, location: 2F 0-2: Ground out U3 (Groundball, 3S, EV 86.2 MPH)
|
|
Batting: SHB Jose Melendez
|
0-0: Ball 1-0: Ball 2-0: Foul Ball, location: 2F 2-1: Called Strike 2-2: Strikes out swinging
|
| Bottom of the 4th over - 0 runs, 0 hits, 0 errors, 0 left on base; Victoria 2 - Americus 0 |
| TOP OF THE 5TH |
|
Victoria Capitals batting - Pitching for Americus Braves : RHP Jeremy Kasten
|
|
Batting: RHB Nick Edmunds
|
0-0: Ball 1-0: Called Strike 1-1: Foul Ball, location: 2F 1-2: SINGLE (Groundball, 4M, EV 107.5 MPH) (infield hit)
|
|
Batting: SHB Ray Skogen
|
0-0: Ball 1-0: Called Strike 1-1: Ball 2-1: Ball 3-1: Swinging Strike 3-2: Strikes out looking
|
|
Batting: RHB David Greene
|
0-0: Called Strike Nick Edmunds is caught stealing 2nd base 2-4 0-1: Foul Ball, location: 2F 0-2: Strikes out swinging
|
| Top of the 5th over - 0 runs, 1 hit, 0 errors, 0 left on base; Victoria 2 - Americus 0 |
| BOTTOM OF THE 5TH |
|
Americus Braves batting - Pitching for Victoria Capitals : LHP Kevin Roberts
|
|
Batting: SHB Jordan Barragan
|
0-0: Ball 1-0: Called Strike 1-1: SINGLE (Line Drive, 9S, EV 99.4 MPH)
|
|
Batting: RHB Terry Hughes
|
0-0: Ball 1-0: Ball Jordan Barragan steals 2nd base 2-0: Called Strike 2-1: Fly out, F8 (Flyball, 8LM, EV 88.1 MPH)
|
|
Batting: RHB Phil Holman
|
0-0: Called Strike Jordan Barragan steals 3rd base 0-1: Ball Steal of home, Jordan Barragan is safe 1-1: SINGLE (Groundball, 56, EV 101.9 MPH) (infield hit)
|
|
Batting: RHB Joe Young
|
0-0: Called Strike 0-1: Ball 1-1: DOUBLE (Line Drive, 9LM, EV 104.4 MPH) Phil Holman to third Runner from 3rd tries for Home, SAFE, throw by RF to trailing runner, SAFE at third!
|
|
Batting: LHB Erik Gretzky
|
0-0: Foul Ball, location: 2F 0-1: Ball 1-1: Foul Ball, location: 2F 1-2: Ball 2-2: Strikes out swinging
|
|
Batting: RHB Hisayuki Akiyama
|
0-0: Foul Ball, location: 2F 0-1: Ball 1-1: Called Strike 1-2: Fly out, F7 (Flyball, 7, EV 78.8 MPH)
|
| Bottom of the 5th over - 2 runs, 3 hits, 0 errors, 1 left on base; Victoria 2 - Americus 2 |
| TOP OF THE 6TH |
|
Victoria Capitals batting - Pitching for Americus Braves : RHP Jeremy Kasten
|
|
Batting: RHB Jesus Santiago
|
0-0: Ball 1-0: Foul Ball, location: 2F 1-1: Swinging Strike 1-2: Fly out, F8 (Flyball, 78D, EV 97.5 MPH)
|
|
Batting: RHB Heihachiro Fujita
|
0-0: Called Strike 0-1: Ball 1-1: Ball 2-1: SOLO HOME RUN (Flyball, 8RXD, EV 108.1 MPH), Distance : 448 ft
|
|
Batting: RHB Tomokazu Sugimoto
|
0-0: Foul Ball, location: 2F 0-1: Ball 1-1: SINGLE (Groundball, 56D, EV 110.6 MPH)
|
|
Batting: RHB Victor Rosas
|
0-0: Ball 1-0: DOUBLE (Line Drive, 9LM, EV 110.6 MPH) Tomokazu Sugimoto to third
|
|
Batting: LHB Taki Matsui
|
0-0: Foul Ball, location: 2F 0-1: Ball 1-1: Called Strike 1-2: Foul Ball, location: 2F 1-2: Strikes out swinging
|
|
Batting: SHB Carlos Luna
|
0-0: Foul Ball, location: 2F 0-1: Ball 1-1: Swinging Strike 1-2: Ball 2-2: Strikes out swinging
|
| Top of the 6th over - 1 run, 3 hits, 0 errors, 2 left on base; Victoria 3 - Americus 2 |
| BOTTOM OF THE 6TH |
|
Americus Braves batting - Pitching for Victoria Capitals : LHP Kevin Roberts
|
|
Batting: RHB Josh McCormick
|
0-0: Foul Ball, location: 2F 0-1: Called Strike 0-2: Ball 1-2: Ball 2-2: Ball 3-2: SINGLE (Flyball, 8RS, EV 93.8 MPH)
|
|
Batting: LHB Ryan Murdock
|
0-0: Ball 1-0: Foul Ball, location: 2F 1-1: Ball 2-1: Grounds into double play, 4-6-3 (Groundball, 4, EV 96.9 MPH)
|
|
Batting: SHB Jose Melendez
|
0-0: Ball 1-0: Called Strike 1-1: Ball 2-1: Ball 3-1: Swinging Strike 3-2: Fly out, F4 (Popup, 4D, EV 53.8 MPH)
|
| Bottom of the 6th over - 0 runs, 1 hit, 0 errors, 0 left on base; Victoria 3 - Americus 2 |
| TOP OF THE 7TH |
|
Victoria Capitals batting - Pitching for Americus Braves : RHP Jeremy Kasten
|
|
Batting: RHB Nick Edmunds
|
0-0: Called Strike 0-1: Ball 1-1: Swinging Strike 1-2: Foul Ball, location: 2F 1-2: Strikes out swinging
|
|
Batting: SHB Ray Skogen
|
0-0: Ground out 4-3 (Groundball, 4, EV 82.5 MPH)
|
|
Batting: RHB David Greene
|
0-0: Called Strike 0-1: Ball 1-1: Foul Ball, location: 2F 1-2: Foul Ball, location: 2F 1-2: Foul Ball, location: 2F 1-2: Ball 2-2: Strikes out looking
|
| Top of the 7th over - 0 runs, 0 hits, 0 errors, 0 left on base; Victoria 3 - Americus 2 |
| BOTTOM OF THE 7TH |
|
Americus Braves batting - Pitching for Victoria Capitals : LHP Kevin Roberts
|
|
Batting: SHB Jordan Barragan
|
0-0: Swinging Strike 0-1: SINGLE (Line Drive, 78S, EV 100.0 MPH)
|
|
Batting: RHB Terry Hughes
|
0-0: Reached via error on a dropped throw from 1B, E1 (Groundball, 34, EV 82.5 MPH) Jordan Barragan to second
|
|
Pitching: RHP Sid Lampone
|
|
|
Batting: RHB Phil Holman
|
0-0: Swinging Strike 0-1: Ball 1-1: Foul Ball, location: 2F 1-2: Ball 2-2: Foul Ball, location: 2F 2-2: Ball 3-2: SINGLE (Line Drive, 56, EV 96.9 MPH) Jordan Barragan to third Terry Hughes to second
|
|
Batting: RHB Joe Young
|
0-0: SINGLE (Groundball, 56, EV 95.6 MPH) Jordan Barragan scores Terry Hughes to third Phil Holman to second
|
|
Batting: LHB Erik Gretzky
|
0-0: Called Strike 0-1: Foul Ball, location: 2F 0-2: Strikes out looking
|
|
Batting: RHB Hisayuki Akiyama
|
0-0: Called Strike 0-1: Foul Ball, location: 2F 0-2: Foul Ball, location: 2F 0-2: Ball 1-2: Ball 2-2: Ball 3-2: SINGLE (Groundball, 4D, EV 102.5 MPH) Terry Hughes scores Phil Holman to third Joe Young to second Runner from 3rd tries for Home, SAFE, throw by RF to home
|
|
Batting: RHB Josh McCormick
|
0-0: Called Strike 0-1: Ball 1-1: Ball 2-1: Swinging Strike 2-2: Ball 3-2: Foul Ball, location: 2F 3-2: Grounds into double play, 5-4-3 (Groundball, 5D, EV 81.9 MPH)
|
| Bottom of the 7th over - 3 runs, 4 hits, 1 error, 1 left on base; Victoria 3 - Americus 5 |
| TOP OF THE 8TH |
|
Victoria Capitals batting - Pitching for Americus Braves : RHP Jeremy Kasten
|
|
Pinch Hitting: LHB Chang Huie
|
0-0: Ball 1-0: Ball 2-0: Ball 3-0: Called Strike 3-1: Foul Ball, location: 2F 3-2: Ground out 4-3 (Groundball, 4S, EV 66.9 MPH)
|
|
Pitching: RHP Gareth Cutts
|
|
|
Batting: RHB Heihachiro Fujita
|
0-0: Foul Ball, location: 2F 0-1: Foul Ball, location: 2F 0-2: Strikes out looking
|
|
Batting: RHB Tomokazu Sugimoto
|
0-0: Ball 1-0: Ball 2-0: Ground out 6-3 (Groundball, 6, EV 88.1 MPH)
|
| Top of the 8th over - 0 runs, 0 hits, 0 errors, 0 left on base; Victoria 3 - Americus 5 |
| BOTTOM OF THE 8TH |
|
Americus Braves batting - Pitching for Victoria Capitals : RHP Sid Lampone
|
|
Pitching: LHP Ben Burton
|
|
|
Now at 3B: Chang Huie
|
|
|
Batting: LHB Ryan Murdock
|
0-0: Ball 1-0: Ball 2-0: Fly out, F7 (Flyball, 7LM, EV 91.9 MPH)
|
|
Batting: SHB Jose Melendez
|
0-0: Swinging Strike 0-1: Called Strike 0-2: Strikes out swinging
|
|
Batting: SHB Jordan Barragan
|
0-0: Called Strike 0-1: Swinging Strike 0-2: Ball 1-2: Foul Ball, location: 2F 1-2: Ball 2-2: Foul Ball, location: 2F 2-2: Foul Ball, location: 2F 2-2: Strikes out swinging
|
| Bottom of the 8th over - 0 runs, 0 hits, 0 errors, 0 left on base; Victoria 3 - Americus 5 |
| TOP OF THE 9TH |
|
Victoria Capitals batting - Pitching for Americus Braves : RHP Gareth Cutts
|
|
Pitching: LHP Shingo Miura
|
|
|
Now in LF: Erik Gretzky
|
|
|
Now in CF: George Provance
|
|
|
Batting: RHB Victor Rosas
|
0-0: Ball 1-0: Ball 2-0: Called Strike 2-1: Ground out 4-3 (Groundball, 4, EV 88.1 MPH)
|
|
Batting: LHB Taki Matsui
|
0-0: Called Strike 0-1: Ball 1-1: Ball 2-1: Swinging Strike 2-2: Ball 3-2: Strikes out looking
|
|
Batting: SHB Carlos Luna
|
0-0: Called Strike 0-1: Swinging Strike 0-2: Strikes out looking
|
| Top of the 9th over - 0 runs, 0 hits, 0 errors, 0 left on base; Victoria 3 - Americus 5 |
|